 Dungeon Crawl Stone Soup version 0.26-a0-651-gb41185065b (webtiles) character file.

Game seed: 9839547512389868335

184873 tilp the Unseen (level 17, 0/93 HPs)
             Began as a Spriggan Enchanter on Oct 19, 2020.
             Was the Champion of Dithmenos.
             Slain by a shambling mangrove (21 damage)
             ... on level 1 of the Swamp on Oct 20, 2020.
             The game lasted 01:54:49 (40522 turns).

tilp the Unseen (Spriggan Enchanter)               Turns: 40522, Time: 01:54:50

Health: 0/93       AC:  7    Str:  4    XL:     17   Next: 79%
Magic:  29/32      EV: 28    Int: 26    God:    Dithmenos [******]
Gold:   3098       SH:  0    Dex: 17    Spells: 5/36 levels left

rFire    + . .     SeeInvis +   a - +6 dagger (flame)
rCold    + . .     Faith    .   (shield restricted)
rNeg     . . .     Spirit   .   U - +0 robe of Jaax {rF+}
rPois    +         Reflect  .   P - +2 hat
rElec    .         Harm     .   V - +2 cloak
rCorr    .         Rampage  .   (gloves unavailable)
MR       ++++.                  (boots unavailable)
Stlth    ++++++....             K - amulet of regeneration
HPRegen  0.65/turn              w - ring of the Mage {Wiz MR++ Int+3}
MPRegen  0.23/turn              i - ring "Ediut" {rPois rC+}

@: confusing touch, grasped by roots, wreathed by umbra, constricted, slow
A: very small, unfitting armour, see invisible, speed 3
a: Shadow Step, Shadow Form, Renounce Religion


You were on level 1 of the Swamp.
You worshipped Dithmenos.
Dithmenos was exalted by your worship.
You visited 6 branches of the dungeon, and saw 29 of its levels.
You also visited: Gauntlet and Volcano.

You collected 4642 gold pieces.
You spent 1544 gold pieces at shops.

Inventory:

Hand Weapons
 a - a +6 dagger of flaming (weapon)
 b - a +2 scimitar of flaming
 G - the +7 hunting sling "Utoaq" {vorpal, Str+6 Dex+4 SInv}
   (You found it in a Gauntlet)

   Any stone fired from it inflicts extra damage.
   It affects your strength (+6).
   It affects your dexterity (+4).
   It lets you see invisible.
 N - a +3 dagger of freezing
Missiles
 k - 3 throwing nets {!f}
 C - 124 poisoned darts (quivered)
 F - 6 datura-tipped darts
 H - 15 atropa-tipped darts
 O - 2 curare-tipped darts
Armour
 D - the +1 robe "Agipp" {Int+3}
   (You found it on level 5 of the Dungeon)

   It affects your intelligence (+3).
 P - a +2 hat (worn)
 U - the +0 robe of Jaax (worn) {rF+}
   (You found it in a Gauntlet)

   It protects you from fire.
 V - a +2 cloak (worn)
Jewellery
 c - a +4 ring of slaying
 h - an uncursed ring of positive energy
 i - the ring "Ediut" (right hand) {rPois rC+}
   (You found it in a Gauntlet)

   [ring of protection from cold]

   It protects you from cold.
   It protects you from poison.
 w - the ring of the Mage (left hand) {Wiz MR++ Int+3}
   (You took it off a minotaur in a Gauntlet)

   [ring of wizardry]

   It improves your spell success rate.
   It affects your intelligence (+3).
   It affects your resistance to hostile enchantments.
 x - an uncursed ring of protection from fire
 J - a +4 ring of protection
 K - an amulet of regeneration (around neck)
 W - an uncursed ring of protection from cold
Wands
 e - a wand of disintegration (16)
 q - a wand of enslavement (3)
 v - a wand of acid (17)
 y - a wand of polymorph (7)
 L - a wand of paralysis (12)
 M - a wand of flame (60)
Scrolls
 d - a scroll of blinking
 g - 9 scrolls of teleportation
 m - a scroll of silence
 o - 3 scrolls of summoning
 p - a scroll of holy word
 z - 4 scrolls of remove curse
 A - a scroll of magic mapping
 X - 6 scrolls of amnesia
 Y - 4 scrolls of enchant armour
 Z - 7 scrolls of identify
Potions
 f - 11 potions of haste
 j - 2 potions of ambrosia
 l - 4 potions of stabbing
 n - 8 potions of heal wounds {!q}
 r - 4 potions of lignification
 s - 7 potions of resistance
 t - 3 potions of curing
 u - 4 potions of flight
 E - 3 potions of brilliance
 I - 2 potions of magic
 R - 8 potions of mutation
 S - a potion of cancellation
 T - 4 potions of invisibility
Miscellaneous
 B - a phantom mirror


   Skills:
 - Level 12.0 Fighting
 - Level 10.0 Short Blades
 - Level 15.0 Dodging
 - Level 17.0 Stealth
 + Level 10.1 Spellcasting
 + Level 8.0 Conjurations
 - Level 15.0 Hexes
 - Level 4.0 Translocations
 + Level 10.0 Invocations
 - Level 12.0 Evocations


You had 5 spell levels left.
You knew the following spells:

 Your Spells              Type           Power        Failure   Level
a - Corona                Hex            ######.      0%          1
b - Ensorcelled Hibernat  Hex/Ice        ######       1%          2
c - Confusing Touch       Hex            ######..     1%          3
d - Tukima's Dance        Hex            ######..     1%          3
e - Dazzling Flash        Conj/Hex       ######       1%          3
f - Magic Dart            Conj           ####         1%          1
g - Searing Ray           Conj           ######       1%          2
h - Fulminant Prism       Conj/Hex       ######....   1%          4
i - Blink                 Tloc           N/A          1%          2
j - Lesser Beckoning      Tloc           ####......   1%          3
k - Mephitic Cloud        Conj/Pois/Air  ####....     1%          3
l - Iskenderun's Mystic   Conj/Tloc      #####...     1%          4

Your spell library contained the following spells:

 Spells                   Type           Power        Failure   Level
 Slow                     Hex            ######..     0%          2
 Animate Skeleton         Necr           ##....       1%          1
 Pain                     Necr           ##..         1%          1
 Summon Small Mammal      Summ           ##..         1%          1
 Conjure Flame            Conj/Fire      ####....     1%          3
 Gell's Gravitas          Tloc           ####......   1%          3
 Inner Flame              Hex/Fire       ######..     1%          3
 Portal Projectile        Hex/Tloc       ######       1%          3
 Summon Guardian Golem    Hex/Summ       ######..     1%          3
 Teleport Other           Tloc           ####....     1%          3
 Cause Fear               Hex            ######....   1%          4
 Leda's Liquefaction      Hex/Erth       ######....   1%          4
 Call Imp                 Summ           ##......     2%          2
 Silence                  Hex/Air        ######....   2%          5
 Yara's Violent Unravell  Hex/Tmut       ######....   2%          5
 Passage of Golubria      Tloc           N/A          3%          4
 Call Canine Familiar     Summ           ##......     6%          3
 Vampiric Draining        Necr           ##........   6%          3
 Animate Dead             Necr           ##........   17%         4
 Summon Ice Beast         Ice/Summ       ##......     17%         4
 Summon Lightning Spire   Summ/Air       ##......     17%         4
 Agony                    Necr           ##......     43%         5
 Discord                  Hex            ######....   26%         8


Dungeon Overview and Level Annotations

Branches:
Dungeon (15/15)            Temple (1/1) D:7            Lair (6/6) D:9
  Swamp (1/4) Lair:4        Snake (4/4) Lair:3        Slime (0/5) Lair:5
    Orc (2/2) D:10            Elf (0/3) Orc:2        Vaults (0/5) D:14
 Depths (0/5) D:15        Volcano (visited)         Gauntlet (visited)

Altars:
Cheibriados
Dithmenos
Elyvilon
Fedhas
Gozag
Hepliaklqana
Kikubaaqudgha
Makhleb
Nemelex Xobeh
Sif Muna
Uskayaw
Xom
Zin
Beogh

Shops:
D:10 (   D:15 *   Orc:2 ?!=[   Snake:1 }

Portals:
Trove: D:10 (give 11 potions of heal wounds)

Annotations:
D:7 1 runed translucent door (angel)
D:15 yaktaurs in dig vault
Lair:4 1 runed translucent door, Cakiepeg's ghost, journeyman DDGl
Snake:2 Vashnia


Innate Abilities, Weirdness & Mutations

You are very small and have problems with some larger weapons.
You are too small for most types of armour.
You have supernaturally acute eyesight. (SInv)
You cover ground extremely quickly.


Message History

The grasping roots constrict you!
You escape the roots' grasp.
A cane toad comes into view.
Roots burst forth from the earth!
The grasping roots grab you!
* * * LOW HITPOINT WARNING * * *
The grasping roots constrict you!!
There is a staircase back to the Lair, spattered with blood here.
The roots' grasp on you weakens, but your attempt to escape fails.
Unknown command.
Casting: Confusing Touch (safe; 1% risk of failure)
Confirm with . or Enter, or press ? or * to list all spells.
You escape the roots' grasp.
You blink.
Splash!
You fall into the shallow water.
Moving in this stuff is going to be slow.
You hear a croak.
Roots burst forth from the earth!
The grasping roots grab you!
You die...

..≈≈≈≈≈≈≈≈≈≈≈≈≈≈§≈≈≈≈.
♣.≈≈≈≈≈≈≈≈≈≈≈≈≈≈.≈≈≈..
...≈≈≈≈≈≈≈≈≈≈≈≈.≈...♣
≈♣≈≈≈≈≈≈≈≈≈≈≈≈.....♣
≈§≈≈≈≈≈≈..†....≈≈≈.♣♣
≈....≈.≈♣♣♣♣♣.§≈≈≈.≈♣
##.#..≈♣♣ ♣.≈≈≈≈.♣♣ .f
#..♣ ♣♣♣..≈♣♣ . #..
♣♣@f♣♣♣ #.. ♣...♣ #.
♣≈≈♣..♣♣♣ ♣§≈♣§≈≈≈♣
♣.♣♣♣≈≈..♣ .≈. ≈....♣
.≈≈ ♣♣≈♣.♣♣ ... ♣♣♣F♣
≈.. ..


You could see a shambling mangrove and a cane toad.

Vanquished Creatures
  Bai Suzhen (Snake:3)
  Saint Roka (Orc:2)
  Donald (Snake:2)
  5 nagarajas
  Aizul (Snake:2)
  A caustic shrike skeleton (D:15)
  Nessos (D:12)
  A minotaur (Gauntlet)
  Snorg (Lair:6)
  A fire dragon (Lair:6)
  A rakshasa (D:14)
  3 hydras
  8 vault guards (D:14)
  Josephine (Lair:4)
  9 naga warriors
  8 anacondas
  3 centaur warriors
  8 two-headed ogres
  2 death knights
  An ogre mage (Orc:2)
  An alligator (Swamp:1)
  6 death yaks
  3 orc high priests (Orc:2)
  5 naga sharpshooters
  Urug (Lair:3)
  A vampire mage (D:15)
  4 shock serpents
  A sea snake (Snake:1)
  A salamander mystic (Snake:3)
  5 skeletal warriors
  2 unseen horrors
  A lindwurm (Lair:6)
  7 naga ritualists
  A swamp dragon (Swamp:1)
  A wizard (D:14)
  2 deep elf magi
  6 orc knights
  A wolf spider (Gauntlet)
  A necromancer (D:15)
  5 cyclopes
  2 stone giant zombies (D:15)
  6 mana vipers
  6 orc sorcerers
  12 ugly things
  8 salamanders
  4 elephants (Lair:6)
  A guardian serpent (Snake:3)
  Joseph (D:9)
  5 naga magi
  39 black mambas
  3 molten gargoyles (Lair:6)
  9 komodo dragons
  17 cane toads
  2 rime drakes
  A freezing wraith (D:15)
  2 efreet (Volcano)
  3 yaktaurs (D:15)
  A guardian mummy (D:10)
  5 trolls
  7 polar bears
  A hornet (D:14)
  2 bog bodies (Lair:4)
  12 hippogriffs
  21 blink frogs
  11 dream sheep
  11 slime creatures
  A redback (shapeshifter) (D:15)
  A redback (Gauntlet)
  A vampire (D:15)
  47 yaks
  An ettin skeleton (D:15)
  4 wyverns
  A shadow (D:15)
  6 wraiths
  4 fire elementals (Volcano)
  8 basilisks
  2 vampire mosquitoes (Swamp:1)
  Menkaure (D:4)
  A swamp worm (Lair:4)
  3 wargs
  22 nagas
  An acid dragon (D:14)
  6 insubstantial wisps
  12 water moccasins
  9 porcupines
  4 hell hounds (Lair:6)
  3 sky beasts
  34 orc warriors
  An eye of draining (D:13)
  A phantom (D:12)
  3 black bears
  5 ice beasts
  A necrophage (D:9)
  4 ogres
  3 boggarts (D:15)
  15 wolves
  8 crocodiles
  8 centaurs
  4 big kobolds
  22 bullfrogs
  2 gnoll sergeants
  A wyvern zombie (D:13)
  A water moccasin zombie (D:8)
  A wyvern skeleton (D:14)
  5 scorpions
  10 killer bees
  30 wights
  3 electric eels
  5 lava snakes (Lair:6)
  8 hounds
  5 jellies
  A bullfrog zombie (D:8)
  5 centaur skeletons
  15 orc priests
  2 bullfrog skeletons
  7 worker ants
  6 iguanas
  18 orc wizards
  A killer bee zombie (D:8)
  2 hound skeletons
  A mummy (D:8)
  12 gnolls
  13 adders
  2 shadow imps
  2 white imps
  An ufetubus (D:8)
  2 oozes
  3 adder skeletons
  4 worms
  3 leopard geckos
  97 orcs
  6 bats
  7 giant cockroaches
  7 hobgoblins
  12 jackals
  27 kobolds
  5 quokkas
  6 frilled lizards
  A goblin (D:1)
  A hobgoblin zombie (D:8)
  A jackal zombie (D:7)
  A kobold zombie (D:8)
  2 orc zombies (D:8)
  A quokka skeleton (D:4)
  7 rats
  A fire vortex (Volcano)
905 creatures vanquished.

Vanquished Creatures (collateral kills)
  A warg (Orc:2)
  An orc warrior (Orc:2)
  An orc (Orc:2)
3 creatures vanquished.

Vanquished Creatures (others)
  6 dancing weapons
  2 orc priests (Orc:2)
  An orc (Orc:2)
  14 fulminant prisms
  65 fungi
  75 plants
  17 withered plants
180 creatures vanquished.

Grand Total: 1088 creatures vanquished

Notes
Turn   | Place    | Note
-------+----------+-------------------------------------------
     0 | D:1      | tilp the Spriggan Enchanter began the quest for the Orb.
     0 | D:1      | Reached XP level 1. HP: 9/9 MP: 5/5
   365 | D:1      | Reached XP level 2. HP: 13/13 MP: 6/6
   369 | D:1      | Learned a level 2 spell: Ensorcelled Hibernation
   856 | D:1      | Reached skill level 5 in Stealth
  1580 | D:2      | Found an ancient bone altar of Kikubaaqudgha.
  1809 | D:2      | Reached XP level 3. HP: 16/16 MP: 1/8
  2419 | D:2      | Reached skill level 6 in Stealth
  2419 | D:2      | Reached XP level 4. HP: 21/21 MP: 2/9
  3953 | D:3      | Learned a level 3 spell: Confusing Touch
  3955 | D:3      | Learned a level 1 spell: Magic Dart
  4285 | D:4      | Found a shadowy altar of Dithmenos.
  4308 | D:4      | Reached skill level 7 in Stealth
  4308 | D:4      | Reached XP level 5. HP: 24/24 MP: 7/10
  4323 | D:4      | Became a worshipper of Dithmenos the Shadowed
  4373 | D:4      | Noticed Menkaure
  4387 | D:4      | Killed Menkaure
  4387 | D:4      | Reached skill level 8 in Stealth
  4387 | D:4      | Reached XP level 6. HP: 12/28 MP: 8/11
  4617 | D:4      | Found a glowing silver altar of Zin.
  4825 | D:4      | Reached skill level 5 in Short Blades
  4979 | D:5      | Entered Level 5 of the Dungeon
  5389 | D:5      | Learned a level 3 spell: Tukima's Dance
  5470 | D:5      | Reached skill level 1 in Fighting
  5855 | D:5      | Got a fine robe
  5869 | D:5      | Reached * piety under Dithmenos
  5870 | D:5      | Identified the +1 robe "Agipp" {Int+3} (You found it on
                  | level 5 of the Dungeon)
  5955 | D:5      | Found a hazy altar of Hepliaklqana.
  6067 | D:5      | Found a shimmering blue altar of Sif Muna.
  6067 | D:5      | Found a shimmering altar of Xom.
  6188 | D:6      | Reached XP level 7. HP: 34/34 MP: 9/12
  6213 | D:6      | You fall into a shaft and drop 1 floor!
  6410 | D:7      | Reached skill level 5 in Dodging
  6687 | D:7      | Found a staircase to the Ecumenical Temple.
  6698 | Temple   | Entered the Ecumenical Temple
  6756 | D:7      | Found a runed translucent door.
  6756 | D:7      | Found a glowing silver altar of Zin.
  6756 | D:7      | Noticed an angel
  6904 | D:7      | Found an opulent altar of Gozag.
  6937 | D:7      | Noticed a hippogriff
  7009 | D:7      | Killed a hippogriff
  7064 | D:7      | Reached XP level 8. HP: 23/40 MP: 4/13
  7211 | D:7      | Reached skill level 5 in Hexes
  7769 | D:7      | Reached ** piety under Dithmenos
  8296 | D:6      | Reached skill level 9 in Stealth
  8299 | D:6      | Reached XP level 9. HP: 44/44 MP: 5/16
  8872 | D:6      | Reached skill level 10 in Stealth
  9915 | D:8      | Reached skill level 11 in Stealth
  9948 | D:8      | Learned a level 3 spell: Dazzling Flash
  9951 | D:8      | Learned a level 2 spell: Searing Ray
 10088 | D:8      | Found a blossoming altar of Fedhas.
 10305 | D:8      | Reached *** piety under Dithmenos
 10450 | D:8      | Reached skill level 12 in Stealth
 10698 | D:8      | Found a snail-covered altar of Cheibriados.
 10916 | D:8      | Found a roughly hewn altar of Beogh.
 11112 | D:8      | Reached skill level 1 in Evocations
 11284 | D:9      | Found a staircase to the Lair.
 11293 | D:9      | Reached skill level 1 in Invocations
 11296 | D:9      | Reached **** piety under Dithmenos
 11302 | D:9      | Reached XP level 10. HP: 36/49 MP: 9/17
 11531 | D:9      | Noticed Joseph
 11532 | D:9      | Reached skill level 1 in Conjurations
 11541 | D:9      | Killed Joseph
 11829 | D:9      | Noticed a white ugly thing
 11861 | D:9      | Killed a white ugly thing
 11890 | D:9      | Reached skill level 5 in Spellcasting
 12520 | D:9      | Learned a level 4 spell: Fulminant Prism
 12540 | D:10     | Entered Level 10 of the Dungeon
 12540 | D:10     | Found Moseutiunu's Antique Weapon Boutique.
 12633 | D:10     | Found a staircase to the Orcish Mines.
 12650 | D:10     | Found a roughly hewn altar of Beogh.
 12665 | D:10     | Reached ***** piety under Dithmenos
 13039 | D:10     | Reached XP level 11. HP: 53/53 MP: 20/20
 13164 | D:10     | Found a portal to a secret trove of treasure.
 13722 | D:11     | Noticed a skeletal warrior
 13722 | D:11     | Noticed a skeletal warrior
 13723 | D:11     | Noticed a skeletal warrior
 13724 | D:11     | Killed a skeletal warrior
 13726 | D:11     | Killed a skeletal warrior
 13726 | D:11     | Reached skill level 13 in Stealth
 13728 | D:11     | Killed a skeletal warrior
 13728 | D:11     | Reached skill level 5 in Evocations
 14501 | D:11     | Lost strength.
 14618 | Lair:1   | Entered Level 1 of the Lair of Beasts
 14627 | Lair:1   | Reached skill level 10 in Dodging
 15338 | Lair:2   | Noticed a death yak
 15338 | Lair:2   | Noticed a death yak
 15338 | Lair:2   | Noticed a death yak
 15339 | Lair:2   | Noticed a death yak
 15340 | Lair:2   | Noticed a death yak
 15340 | Lair:2   | Noticed a death yak
 15341 | Lair:2   | Killed a death yak
 15341 | Lair:2   | Reached skill level 5 in Fighting
 15342 | Lair:2   | Killed a death yak
 15366 | Lair:1   | Killed a death yak
 15527 | Lair:2   | Reached XP level 12. HP: 60/60 MP: 22/22
 15574 | Lair:2   | Reached skill level 10 in Hexes
 15842 | Lair:2   | Reached skill level 14 in Stealth
 16139 | Lair:2   | Reached skill level 10 in Short Blades
 16845 | Lair:3   | Found a staircase to the Snake Pit.
 16916 | Lair:3   | Reached skill level 15 in Stealth
 16945 | Lair:3   | Found a dark tunnel.
 16961 | Volcano  | Entered a volcano
 17682 | Lair:3   | Noticed Urug
 17685 | Lair:3   | Killed Urug
 18097 | Lair:4   | Noticed Cakiepeg's ghost (journeyman DDGl)
 18114 | Lair:4   | Found a runed translucent door.
 18325 | Lair:4   | Reached skill level 15 in Dodging
 18325 | Lair:4   | Reached XP level 13. HP: 65/65 MP: 15/23
 18833 | Lair:4   | Learned a level 2 spell: Blink
 18837 | Lair:4   | Learned a level 3 spell: Lesser Beckoning
 19082 | Lair:4   | Found a staircase to the Swamp.
 19359 | Lair:4   | Noticed Josephine
 19364 | Lair:4   | Reached skill level 1 in Translocations
 19508 | Lair:4   | Killed Josephine
 19567 | Lair:4   | Identified a scroll of acquirement
 19567 | Lair:4   | Acquired 877 gold pieces
 19852 | Lair:5   | Found a burning altar of Makhleb.
 20366 | Lair:5   | Found a staircase to the Slime Pits.
 20662 | Lair:6   | Entered Level 6 of the Lair of Beasts
 20976 | Lair:6   | Noticed Snorg
 21016 | Lair:6   | Killed Snorg
 21395 | Lair:6   | Reached skill level 5 in Conjurations
 21528 | Lair:6   | Reached skill level 16 in Stealth
 21533 | Lair:6   | Reached ****** piety under Dithmenos
 22264 | Lair:6   | Found a large runed translucent door.
 22264 | Lair:6   | Found a large runed translucent door.
 22332 | Lair:6   | Reached XP level 14. HP: 72/72 MP: 27/27
 22960 | Orc:1    | Entered Level 1 of the Orcish Mines
 23383 | Orc:1    | Found a roughly hewn altar of Beogh.
 24161 | Orc:2    | Entered Level 2 of the Orcish Mines
 24274 | Orc:2    | Found a staircase to the Elven Halls.
 24369 | Orc:2    | Reached skill level 17 in Stealth
 24652 | Orc:2    | Noticed Saint Roka
 25500 | Orc:2    | HP: 3/74 [Saint Roka/divine providence (15)]
 25891 | Orc:2    | Killed Saint Roka
 26559 | Orc:2    | Reached skill level 10 in Fighting
 26754 | Orc:2    | Found Hatis's Distillery.
 26754 | Orc:2    | Found Haptin's Magic Scroll Shoppe.
 26797 | Orc:2    | Found Wodely's Jewellery Shoppe.
 26797 | Orc:2    | Found Onoumiom's Antique Armour Boutique.
 26803 | Orc:2    | Bought a scroll of magic mapping for 35 gold pieces
 26806 | Orc:2    | Bought an embroidered hat for 252 gold pieces
 26813 | Orc:2    | Bought a potion of experience for 700 gold pieces
 26813 | Orc:2    | Bought a potion of cancellation for 112 gold pieces
 26813 | Orc:2    | Bought 2 potions of invisibility for 224 gold pieces
 26813 | Orc:2    | Reached XP level 15. HP: 80/80 MP: 28/28
 27213 | D:12     | Noticed Nessos
 27218 | D:12     | Killed Nessos
 27645 | D:10     | Bought a masterwork war axe for 221 gold pieces
 27645 | D:10     | Identified the cursed +0 war axe of the Grey Skies {vamp,
                  | +Fly rC++ rN+++ Dex-3} (You bought it in a shop on level 10
                  | of the Dungeon)
 27950 | D:13     | Found a gate leading to a gauntlet.
 27969 | Gauntlet | Entered a Gauntlet
 27969 | Gauntlet | Found a large runed translucent door.
 27969 | Gauntlet | Found a large runed translucent door.
 27969 | Gauntlet | Found a large runed translucent door.
 27969 | Gauntlet | Found a large runed translucent door.
 27969 | Gauntlet | Found a large runed translucent door.
 27969 | Gauntlet | Found a transporter.
 27969 | Gauntlet | Found a large runed translucent door.
 27969 | Gauntlet | Found a large runed translucent door.
 27969 | Gauntlet | Found a large runed translucent door.
 27969 | Gauntlet | Found a runed translucent door.
 27969 | Gauntlet | Found a runed translucent gate.
 27969 | Gauntlet | Found a runed translucent gate.
 27969 | Gauntlet | Found a transporter.
 27969 | Gauntlet | Found a transporter.
 27970 | Gauntlet | Found a transporter.
 27971 | Gauntlet | Found a transporter.
 27974 | Gauntlet | Found a transporter.
 27980 | Gauntlet | Found a transporter.
 27982 | Gauntlet | Found a transporter.
 27983 | Gauntlet | Found a transporter.
 27985 | Gauntlet | Found a transporter.
 27993 | Gauntlet | Found a transporter.
 27993 | Gauntlet | Found a transporter.
 28039 | Gauntlet | Found a runed translucent gate.
 28040 | Gauntlet | Found a large runed translucent door.
 28040 | Gauntlet | Found a large runed translucent door.
 28041 | Gauntlet | Found a large runed translucent door.
 28042 | Gauntlet | Found a large runed translucent door.
 28043 | Gauntlet | Found a large runed translucent door.
 28043 | Gauntlet | Found a large runed translucent door.
 28043 | Gauntlet | Found a runed translucent door.
 28044 | Gauntlet | Found a large runed translucent door.
 28045 | Gauntlet | Found a large runed translucent door.
 28396 | Gauntlet | Got a flickering marble ring
 28457 | Gauntlet | Got a transparent hunting sling
 28457 | Gauntlet | Got a faintly humming robe
 28462 | D:13     | Identified the +7 hunting sling "Utoaq" {vorpal, Str+6
                  | Dex+4 SInv} (You found it in a Gauntlet)
 28463 | D:13     | Identified the +0 robe of Jaax {rF+} (You found it in a
                  | Gauntlet)
 28474 | D:13     | Identified the ring "Ediut" {rPois rC+} (You found it in a
                  | Gauntlet)
 28554 | D:13     | Learned a level 3 spell: Mephitic Cloud
 28557 | D:13     | You fall into a shaft and drop 2 floors!
 28557 | D:15     | Entered Level 15 of the Dungeon
 28718 | D:15     | Reached XP level 16. HP: 85/85 MP: 29/29
 28726 | D:15     | Reached skill level 10 in Evocations
 30331 | D:14     | Found a sparkling altar of Nemelex Xobeh.
 31195 | D:14     | Found a gate to the Vaults.
 31215 | D:14     | Found a snail-covered altar of Cheibriados.
 31858 | D:15     | Found Cuzemnes's Assorted Antiques.
 32160 | D:15     | Found a staircase to the Depths.
 33028 | D:15     | Found a white marble altar of Elyvilon.
 33411 | Snake:1  | Entered Level 1 of the Snake Pit
 34132 | Snake:1  | Found Ryot's Gadget Shop.
 34467 | Snake:1  | You fall into a shaft and drop 1 floor!
 34573 | Snake:1  | You fall into a shaft and drop 1 floor!
 34586 | Snake:2  | You fall into a shaft and drop 1 floor!
 34680 | Snake:3  | Noticed Bai Suzhen
 34685 | Snake:3  | Killed Bai Suzhen
 34685 | Snake:3  | Reached skill level 10 in Spellcasting
 34685 | Snake:3  | Reached XP level 17. HP: 93/93 MP: 30/32
 35078 | Snake:2  | Noticed Aizul
 35080 | Snake:2  | Killed Aizul
 35114 | Snake:2  | Noticed Vashnia
 35229 | Snake:2  | HP: 4/93 [poisoned by a naga ritualist (toxic radiance)]
 35505 | Snake:2  | Noticed Donald
 35512 | Snake:2  | Killed Donald
 36185 | Snake:2  | Reached skill level 15 in Hexes
 36915 | Snake:1  | Learned a level 4 spell: Iskenderun's Mystic Blast
 36925 | Snake:2  | HP: 3/93 [rock wall collision (19)]
 39894 | Snake:4  | Entered Level 4 of the Snake Pit
 40076 | Swamp:1  | Entered Level 1 of the Swamp
 40238 | Swamp:1  | Reached skill level 10 in Invocations
 40522 | Swamp:1  | Slain by a shambling mangrove

Illustrated notes

Levels and vault maps discovered:
D:1:      minmay_arrival_checkered_box, layout_basic
D:2:      layout_basic, kiku_gazebo_garden_becter
D:3:      layout_loops_corners
D:4:      layout_basic, kennysheep_mini_moat, grunt_dithmenos_smoke_and_mirrors,
          uniq_menkaure
D:5:      layout_cave_pools, nicolae_overflow_hidden_temple,
          gammafunk_temple_overflow_statue
D:6:      layout_loops_ring, minmay_misc_feat_columns
D:7:      layout_rooms, nicolae_gozag_seed_capital,
          minmay_temple_entry_glassed_door,
          hangedman_abyss_or_decor_lesser_grid, lemuel_angel_altar
D:8:      layout_basic, marbit_many_paths, fedhas_ov_isle_minmay, special_room
          [special_room_orc], minmay_mini_ossuary
D:9:      layout_rooms, due_lair_maze_entry_diamond, uniq_joseph
D:10:     layout_long_grid, minmay_orc_entry_temple_small,
          nicolae_trove_entry_path_of_doom, serial_shops, shop
D:11:     layout_roguey
D:12:     layout_roguey, uniq_nessos
D:13:     layout_irregular_city, gauntlet_entry_generic
D:14:     layout_gridville, erik_vaults_2, cheibriados_altar_1, basic_altar
D:15:     gammafunk_depths_entry_grave, layout_basic, serial_shops, shop_coins,
          serial_park_gazebo [serial_park_minivault_5x5_4], lemuel_statue_altar
Temple:   dshaligram_water_room_temple
Lair:1:   layout_cellular_growth, minivault_25, chequers_serial_rivers_micro_e,
          grunt_megastairs_3
Lair:2:   layout_misc_corridors, wad_woods_road_06
Lair:3:   layout_layer_cave, minmay_snake_entry_guardpost_small,
          nicolae_volcano_entry_s_turn, lemuel_fruit_fields,
          infiniplex_staircase_pool_2, serial_bayou_shore_b, uniq_urug
Lair:4:   layout_roguey, nicolae_swamp_entry_splash_gauntlet,
          hellmonk_ghost_happy_afterlife, beast_lair_carwin_1, uniq_josephine
Lair:5:   layout_loops_ring, dpeg_slime_entry_corner, basic_altar
Lair:6:   cheibrodos_lair_end_hotspot, layout_big_grid, minivault_19,
          nicolae_quartered_pool_medium, uniq_snorg
Swamp:1:  gammafunk_mikee_crab_dinner, layout_basic_swamp, serial_swamp_ruin,
          evilmike_swamp_ruin_rubble_2, hangedman_swamp_ruin_hall,
          evilmike_swamp_ruin_house_1, swamp_pool1, statue_in_the_mist_lemuel
Snake:1:  layout_gridlike, serial_bayou_ford_a, minmay_shop_star
Snake:2:  layout_grid_shapes, uniq_vashnia, uniq_aizul, uniq_donald
Snake:3:  layout_layer_cave, uniq_bai_suzhen
Snake:4:  minmay_snake_end_coiled, layout_cave_town, grunt_ministairs_6,
          serial_bayou_shore_a, uniq_kirke
Orc:1:    layout_diamond_mine, basic_altar
Orc:2:    grunt_orc_tribal_feast, layout_diamond_mine, uniq_saint_roka

Skill      XL: |  1  2  3  4  5  6  7  8  9 10 11 12 13 14 15 16 17 |
---------------+----------------------------------------------------+-----
Hexes          | 4 8 9 10 11 12 13 15 | 15.0
Stealth        | 5 6 7 8 9 12 13 15 16 17 | 17.0
Short Blades   | 2 3 4 5 8 9 10 | 10.0
Fighting       | 1 3 4 5 6 7 10 12 | 12.0
Dodging        | 4 8 9 10 15 | 15.0
Spellcasting   | 3 4 5 6 8 10 | 10.1
Evocations     | 1 4 6 8 9 10 12 | 12.0
Invocations    | 1 3 4 6 7 8 10 | 10.0
Conjurations   | 2 3 4 5 6 7 8 |  8.0
Translocations | 4 |  4.0

Action                   |  1- 3 |  4- 6 |  7- 9 | 10-12 | 13-15 | 16-18 || total
-------------------------+-------+-------+-------+-------+-------+-------++-------
Melee: Dagger            |    74 |   140 |   301 |   451 |   635 |   786 ||  2387
Throw: Dart              |       |       |       |       |     4 |       ||     4
 Cast: Corona            |     4 |       |     1 |       |       |     4 ||     9
       Ensorcelled Hiber |    29 |    41 |   101 |   125 |   178 |   201 ||   675
       Magic Dart        |       |     2 |    10 |     2 |     1 |     4 ||    19
       Confusing Touch   |       |     2 |    19 |    24 |    33 |    69 ||   147
       Searing Ray       |       |       |    11 |     4 |     8 |    17 ||    40
       Dazzling Flash    |       |       |     2 |     7 |    31 |    28 ||    68
       Fulminant Prism   |       |       |       |     1 |     4 |     9 ||    14
       Tukima's Dance    |       |       |       |       |     5 |    25 ||    30
       Blink             |       |       |       |       |     2 |     4 ||     6
Invok: Shadow Step       |       |       |       |     4 |    14 |     7 ||    25
Evoke: Wand              |       |     3 |       |     4 |     5 |     8 ||    20
       Phantom mirror    |       |       |       |       |     1 |     1 ||     2
  Use: Scroll            |     2 |    11 |     6 |    17 |    10 |     8 ||    54
       Potion            |       |       |     1 |     1 |     2 |     1 ||     5
 Stab: Sleeping          |    25 |    38 |    72 |   134 |   173 |   155 ||   597
       Confused          |       |     2 |    19 |    23 |    28 |    67 ||   139
       Distracted        |       |       |     2 |       |     3 |       ||     5
       Invisible         |       |       |     3 |     5 |    28 |    31 ||    67
Armor: Robe              |     7 |     9 |     7 |    18 |    24 |    45 ||   110
Dodge: Dodged            |    48 |   103 |   215 |   344 |   620 |   743 ||  2073

Table legend: (Time is in decaauts)
 A = Elapsed time spent in this place.
 B = Non-inter-level travel time spent in this place.
 C = Inter-level travel time spent in this place.
 D = Time resting spent in this place.
 E = Time spent auto-exploring this place.
 F = Levels seen in this place.
 G = Mean time per level.
                   A        B        C        D        E       F      G
               +--------+--------+--------+--------+--------+-----+--------+
         Total |  30956 |  29101 |   1855 |  12007 |  10274 |  31 |  998.6 |
       Dungeon |  15591 |  14623 |    968 |   5475 |   5879 |  15 | 1039.4 |
        Temple |      1 |      1 |      0 |      0 |      0 |   1 |    1.0 |
          Lair |   6512 |   6069 |    443 |   2586 |   2147 |   6 | 1085.3 |
         Swamp |    119 |    119 |      0 |     26 |     23 |   1 |  119.0 |
     Snake Pit |   4932 |   4628 |    304 |   2226 |   1250 |   4 | 1233.0 |
  Orcish Mines |   3090 |   2952 |    138 |   1419 |    890 |   2 | 1545.0 |
       Volcano |    385 |    385 |      0 |    238 |      0 |   1 |  385.0 |
      Gauntlet |    322 |    322 |      0 |     34 |     84 |   1 |  322.0 |
               +--------+--------+--------+--------+--------+-----+--------+

Top non-repeatable levels by time:
   Orc:2: 1987 daAuts
     D:8: 1980 daAuts
 Snake:1: 1959 daAuts
     D:7: 1699 daAuts
  Lair:4: 1634 daAuts
  Lair:6: 1570 daAuts
 Snake:3: 1490 daAuts
 Snake:2: 1449 daAuts
    D:13: 1338 daAuts
     D:2: 1273 daAuts
    D:15: 1236 daAuts
   Orc:1: 1102 daAuts
    D:14: 1054 daAuts
     D:1: 1000 daAuts
     D:4: 926 daAuts
